 Dungeon Crawl Stone Soup version 0.30.1-9-gdf580d7c3d (webtiles) character file.

Game seed: 8007800617667729842

5321 monsoonserge the Covered (level 10, -5/76 HPs)
             Began as a Demonspawn Warper on Oct 9, 2023.
             Slain by an orc warlord
             ... wielding a +6 battleaxe
              (31 damage)
             ... in a bailey.
             The game lasted 00:25:03 (6526 turns).

monsoonserge the Covered (Demonspawn Warper)        Turns: 6526, Time: 00:25:03

Health: -5/76      AC: 10    Str: 11    XL:     10   Next: 38%
Magic:  13/13      EV: 14    Int: 26    God:
Gold:   520        SH:  4    Dex: 12    Spells: 11/13 levels left

rFire   . . .        G - +1 flail (heavy)
rCold   + . .        (no shield)
rNeg    . . .        N - +3 leather armour {Will+}
rPois   .            p - +1 helmet
rElec   .            x - +0 cloak
rCorr   .            (no gloves)
SInv    .            (no boots)
Will    +....        t - amulet of regeneration
Stlth   ++           E - +6 ring of intelligence
HPRegen 1.12/turn    D - ring of protection from cold
MPRegen 0.13/turn

%: no passive effects
@: no status effects
A: hooves 2, spiny 2, sturdy frame 2, condensation shield
a: no special abilities


You were in a bailey.
You visited 2 branches of the dungeon, and saw 9 of its levels.
You also visited: Bailey.

You collected 520 gold pieces.

Inventory:

Hand Weapons
 o - a +1 sling of flaming
 G - a +1 heavy flail (weapon)
 I - a +1 whip of freezing
Missiles
 d - 7 boomerangs of dispersal
 m - 5 boomerangs (quivered)
 y - 3 throwing nets
Armour
 n - a +0 plate armour
 p - a +1 helmet (worn)
 x - a +0 cloak (worn)
 N - a +3 leather armour of willpower (worn)
 P - a +0 scale mail
Magical Staves
 i - a staff of death
 K - a staff of poison
Jewellery
 j - a ring of ice
 s - a ring of magical power
 t - an amulet of regeneration (around neck)
 D - a ring of protection from cold (right hand)
 E - a +6 ring of intelligence (left hand)
 H - a +6 ring of dexterity
Wands
 f - a wand of roots (6)
 O - a wand of light (11)
Scrolls
 a - 4 scrolls of enchant weapon
 c - a scroll of blinking
 g - 3 scrolls of noise {unknown}
 k - 2 scrolls of teleportation
 q - a scroll of fog
 r - a scroll of magic mapping
 v - a scroll of acquirement
 z - 3 scrolls of summoning {unknown}
 B - a scroll of amnesia {unknown}
 L - 3 scrolls of fear {unknown}
Potions
 b - 2 potions of berserk rage {unknown}
 e - 2 potions of might {unknown}
 h - 3 potions of curing
 l - a potion of lignification {unknown}
 u - 4 potions of mutation {unknown}
 w - 4 potions of heal wounds {unknown}
 A - a potion of brilliance {unknown}
 C - 2 potions of cancellation {unknown}
 F - a potion of ambrosia {unknown}
 J - a potion of resistance {unknown}
 M - 2 potions of flight {unknown}
 Q - a potion of haste {unknown}
 R - a potion of magic {unknown}


   Skills:
 + Level 6.3 Fighting
 - Level 4.1 Long Blades
 + Level 2.9(5.0) Axes
 + Level 6.3(6.7) Maces & Flails
 + Level 1.2 Throwing
 - Level 6.8 Armour
 + Level 5.9 Dodging
 + Level 2.6 Stealth
 + Level 0.4 Shields
 - Level 2.0 Spellcasting
 - Level 4.0 Translocations
 * Level 2.6 Evocations


You had 11 spell levels left.
You knew the following spells:

 Your Spells              Type           Power      Damage    Failure   Level
a - Blink                 Tloc           46%        N/A       3%          2

Your spell library contained the following spells:

 Spells                   Type           Power      Damage    Failure   Level
 Apportation              Tloc           46%        N/A       1%          1
 Lesser Beckoning         Tloc           46%        N/A       3%          2
 Teleport Other           Tloc           23%        N/A       6%          3
 Sandblast                Erth           4%         2d4       11%         1
 Vhi's Electric Charge    Tloc/Air       26%        N/A       14%         3
 Volatile Blastmotes      Fire/Tloc      26%        2d12      14%         3
 Cigotuvi's Dreadful Rot  Necr/Pois/Air  4%         N/A       16%         2
 Passwall                 Tmut/Erth      1%         N/A       16%         2
 Manifold Assault         Tloc           23%        N/A       21%         4
 Dazzling Flash           Conj/Hex       4%         N/A       30%         3
 Stone Arrow              Conj/Erth      4%         3d7       30%         3
 Iskenderun's Mystic Bla  Conj/Tloc      13%        2d5       41%         4
 Dispel Undead            Necr           2%         3d7       71%         4
 Alistair's Intoxication  Tmut/Pois      1%         N/A       96%         5
 Death Channel            Necr           1%         N/A       100%        6
 Starburst                Conj/Fire      1%         6d3       100%        6


Dungeon Overview and Level Annotations

Branches:
Dungeon (8/15)             Temple (1/1) D:4          Bailey (1/1)
   Lair: D:8-11

Altars:
Ashenzari
Cheibriados
Dithmenos
Fedhas
Gozag
Hepliaklqana
Makhleb
Nemelex Xobeh
Okawaru
Ru
Sif Muna
Trog
Uskayaw
Vehumet
Wu Jian
Xom

Annotations:
D:4 3 runed translucent doors, Xiur's ghost, amateur DsTm


Innate Abilities, Weirdness & Mutations

You have hoof-like feet.
You are mostly covered in sharp spines.
Your movements are less encumbered by armour. (ER -4)
A meltable shield of frost defends you. (SH +4)


Message History

The orc warlord is no longer blind.
You completely miss the orc warlord. You kick the orc warlord.
The orc warlord is moderately wounded.
The orc warlord no longer looks unusually strong.
The orc warlord hits you with a +6 battleaxe!
The orc warlord hits you with a +6 battleaxe.
Aiming: Bolt of Light
Press: ? - help, Shift-Dir - straight line, f/p - orc warlord
Aim: an orc warlord, wielding a +6 battleaxe and wearing a +0 plate armour (moderately wounded, 83% to hit)
The bolt of light hits the orc warlord!!
The orc warlord is heavily wounded.
The orc warlord is blinded.
The orc warlord closely misses you.
You hit the orc warlord. You kick the orc warlord.
The orc warlord is heavily wounded.
The orc warlord hits you with a +6 battleaxe!
You thump the orc warlord!
You kick the orc warlord, but do no damage.
You punch the orc warlord.
The orc warlord is severely wounded.
The orc warlord misses you.
The orc warlord hits you with a +6 battleaxe!
* * * LOW HITPOINT WARNING * * *
Okay, then.
You hit the orc warlord but do no damage.
You kick the orc warlord, but do no damage.
You punch the orc warlord, but do no damage.
The orc warlord is severely wounded.
The orc warlord is no longer blind.
The orc warlord barely misses you.
Aiming: Bolt of Light
Press: ? - help, Shift-Dir - straight line, f/p - orc warlord
Aim: an orc warlord, wielding a +6 battleaxe and wearing a +0 plate armour (heavily wounded, 83% to hit)
The bolt of light hits the orc warlord.
The orc warlord is severely wounded.
The orc warlord is blinded.
The orc warlord barely misses you.
You hit the orc warlord but do no damage.
Your kick misses the orc warlord.
The orc warlord is severely wounded.
The orc warlord is no longer blind.
The orc warlord hits you with a +6 battleaxe!!
You die...

#.....⌠.....###'###.....⌠.....#
##....)....###...###...o.g...##
#.....)...#.......#....og...#
##..).o..##.......##....o..##
#.......#.....)...#.......#
##.....##.........##...[)##
##'####...........####'##
##.....##.....o)..##..[.)##
#.......#.....@...#.......#
##.......##.......##.g.....##
#.........#)$$$$$[#...o.....#
##.........##$$?$$##.........##
#.....⌠.....#######..oo.⌠.....#
##......o..##.....##.........##
#.......).#.......#.........#
##.......##.....o.##.......##
#.....).).....o..)).......#


You could see an orc warlord.

Vanquished Creatures
  An orc knight (Bailey)
  Pikel (D:6)
  Joseph (D:7)
  Grinder (D:3)
  Sigmund (D:3)
  A wyvern (D:7)
  A steam dragon (D:8)
  Menkaure (D:7)
  Edmund (D:5)
  An acid dragon (D:8)
  A water moccasin (D:6)
  10 orc warriors
  3 black bears
  A sky beast (D:8)
  An ogre (D:6)
  A lemure (D:6)
  3 phantoms
  4 bullfrogs
  A scorpion (D:6)
  3 wights (D:6)
  2 orc priests (D:8)
  A jelly (D:8)
  A gnoll bouda (D:6)
  2 iguanas
  2 sleepcaps
  5 orc wizards
  Robin (D:2)
  28 gnolls
  10 adders
  A shadow imp (D:8)
  3 white imps
  An ufetubus (D:6)
  A worm (D:2)
  3 dart slugs
  28 orcs
  9 bats
  2 endoplasms
  3 giant cockroaches
  30 goblins
  13 hobgoblins
  3 jackals (D:2)
  9 kobolds
  5 quokkas
  8 ball pythons
  4 frilled lizards
  4 rats
217 creatures vanquished.

Notes
Turn   | Place    | Note
-------+----------+-------------------------------------------
     0 | D:1      | monsoonserge the Demonspawn Warper began the quest for the
                  | Orb.
     0 | D:1      | Reached XP level 1. HP: 16/16 MP: 3/3
   203 | D:1      | Reached skill level 1 in Armour
   203 | D:1      | Gained mutation: You are partially covered in sharp spines.
                  | [demonic ancestry]
   203 | D:1      | Reached XP level 2. HP: 22/22 MP: 5/5
   736 | D:2      | Gained mutation: You are mostly covered in sharp spines.
                  | [demonic ancestry]
   736 | D:2      | Reached XP level 3. HP: 24/27 MP: 6/6
   778 | D:2      | Noticed Robin
   791 | D:2      | Killed Robin
   958 | D:2      | Gained mutation: Your movements are slightly less
                  | encumbered by armour. (ER -2) [demonic ancestry]
   958 | D:2      | Reached XP level 4. HP: 33/34 MP: 7/7
  1049 | D:2      | Found a faded altar of an unknown god.
  1137 | D:2      | You fall into a shaft and drop 1 floor!
  1175 | D:3      | Noticed Grinder
  1183 | D:3      | Paralysed by Grinder for 3 turns
  1195 | D:3      | Killed Grinder
  1196 | D:3      | Reached skill level 1 in Throwing
  1196 | D:3      | Gained mutation: You have large cloven feet. [demonic
                  | ancestry]
  1196 | D:3      | Reached XP level 5. HP: 12/41 MP: 8/8
  1196 | D:3      | Gained mutation: You have hoof-like feet. [demonic
                  | ancestry]
  1196 | D:3      | Reached XP level 6. HP: 14/47 MP: 9/9
  1199 | D:3      | Learned a level 2 spell: Blink
  1389 | D:3      | Found an iron altar of Okawaru.
  1389 | D:3      | Found a hazy altar of Hepliaklqana.
  1414 | D:3      | Noticed Sigmund
  2097 | D:3      | Found a sparkling altar of Nemelex Xobeh.
  2403 | D:4      | Found a runed translucent gate.
  2403 | D:4      | Found a runed translucent gate.
  2403 | D:4      | Found a runed translucent gate.
  2404 | D:4      | Noticed Xiur's ghost (amateur DsTm)
  2614 | D:4      | Found a staircase to the Ecumenical Temple.
  2624 | Temple   | Entered the Ecumenical Temple
  2678 | D:4      | Reached XP level 7. HP: 51/52 MP: 10/10
  3267 | D:5      | Entered Level 5 of the Dungeon
  3419 | D:5      | Reached skill level 1 in Stealth
  3616 | D:3      | Found a broken altar of Ashenzari.
  3687 | D:3      | Killed Sigmund
  3688 | D:3      | Reached skill level 5 in Armour
  3887 | D:5      | Noticed Edmund
  3899 | D:5      | Killed Edmund
  3900 | D:5      | Reached skill level 1 in Axes
  3900 | D:5      | Gained mutation: Your movements are less encumbered by
                  | armour. (ER -4) [demonic ancestry]
  3900 | D:5      | Reached XP level 8. HP: 52/60 MP: 11/11
  4650 | D:6      | Reached skill level 1 in Maces & Flails
  4807 | D:6      | Noticed Pikel
  4817 | D:6      | Killed Pikel
  4818 | D:6      | Reached XP level 9. HP: 58/67 MP: 12/12
  4853 | D:6      | Reached skill level 5 in Fighting
  5103 | D:7      | Noticed Menkaure
  5113 | D:7      | Killed Menkaure
  5114 | D:7      | Reached skill level 5 in Dodging
  5259 | D:7      | Noticed Joseph
  5295 | D:7      | Killed Joseph
  5422 | D:7      | Found a snail-covered altar of Cheibriados.
  5429 | D:7      | Found a faded altar of an unknown god.
  5866 | D:8      | Reached skill level 5 in Maces & Flails
  6091 | D:8      | Reached skill level 1 in Evocations
  6091 | D:8      | Gained mutation: A meltable shield of frost defends you.
                  | (SH +4) [demonic ancestry]
  6091 | D:8      | Reached XP level 10. HP: 41/76 MP: 13/13
  6105 | D:8      | Found a flagged portal.
  6116 | Bailey   | Entered a bailey
  6418 | Bailey   | Noticed an orc warlord
  6423 | Bailey   | Noticed an orc knight
  6425 | Bailey   | Noticed an orc knight
  6519 | Bailey   | Killed an orc knight
  6526 | Bailey   | Slain by an orc warlord

Illustrated notes

Levels and vault maps discovered:
D:1:      pf_arrival_petrified_forest, layout_loops_ring, roderic_roman_lattice
D:2:      layout_basic, basic_ecumenical_altar, grunt_decor_one_mirror,
          eino_tiny_chamber, kennysheep_cross_bottleneck, uniq_robin
D:3:      layout_loops_cross, nemelex_dance_club_becter,
          nicolae_overflow_two_pavilions, nicolae_ashenzari_panopticon,
          uniq_grinder, uniq_sigmund
D:4:      layout_cave_pods, minmay_temple_entry_trees,
          gammafunk_ghost_nasty_kobolds
D:5:      layout_cave_pods, uniq_edmund
D:6:      layout_rooms, uniq_pikel
D:7:      layout_cave_pools, mainiacjoe_overflow_boulevard, serial_column_ruins,
          column_ruins_temple_hall, column_ruins_grid_1, column_ruins_grid_1,
          column_ruins_corridor_straight, column_ruins_open_tiny,
          kennysheep_another_room, kennysheep_decorative_pillar,
          minmay_crystal_room, grunt_ministairs_5, minmay_misc_feat_room,
          uniq_menkaure, uniq_joseph
D:8:      layout_rooms, zin_treasury, enter_bailey_3, uniq_maurice
Temple:   cyrus_circular_temple
Bailey:   bailey_axe_minmay_hex_keep, bailey

Skill      XL: |  1  2  3  4  5  6  7  8  9 10 |
---------------+-------------------------------+-----
Armour         | 1 2 3 4 5 6 |  6.8
Long Blades    | 2 3 4 |  4.1
Fighting       | 3 4 5 6 |  6.3
Throwing       | 1 |  1.2
Dodging        | 2 3 4 5 |  5.9
Stealth        | 1 2 |  2.6
Translocations | 3 4 |  4.0
Axes           | 1 2 |  2.9
Maces & Flails | 3 5 6 |  6.3
Evocations     | 1 2 |  2.6
Shields        | |  0.4
Spellcasting   | |  2.0

Action                     |  1- 3 |  4- 6 |  7- 9 | 10-12 || total
---------------------------+-------+-------+-------+-------++-------
  Melee: Falchion          |    69 |    82 |     3 |       ||   154
         Kick              |       |    23 |    78 |    19 ||   120
         Punch             |       |     1 |     3 |     3 ||     7
         Hand axe          |       |       |    44 |       ||    44
         Flail             |       |       |    60 |    79 ||   139
         Whip              |       |       |   145 |     8 ||   153
  Throw: Boomerang         |       |     3 |       |       ||     3
   Cast: Blink             |       |       |     1 |     2 ||     3
  Evoke: Wand              |       |       |       |     9 ||     9
    Use: Scroll            |       |       |     6 |       ||     6
 Armour: Ring mail         |    26 |    29 |    28 |       ||    83
         Leather armour    |     1 |       |    25 |    15 ||    41
         Chain mail        |       |       |    41 |       ||    41
  Dodge: Dodged            |    38 |    43 |   147 |    53 ||   281
  Block: Other             |       |       |       |    16 ||    16
